 Dungeon Crawl Stone Soup version 0.20.1 (webtiles) character file.

7229 tognito the Severer (level 10, -19/77 HPs)
             Began as a Minotaur Berserker on July 2, 2017.
             Was a High Priest of Trog.
             Demolished by a two-headed ogre
             ... wielding a +0 giant club
              (24 damage)
             ... on level 9 of the Dungeon.
             The game lasted 00:22:35 (9606 turns).

tognito the Severer (Minotaur Berserker)            Turns: 9606, Time: 00:22:36

Health: -19/77     AC: 13    Str: 25    XL:     10   Next: 88%
Magic:  9/9        EV:  7    Int:  4    God:    Trog [*****.]
Gold:   488        SH:  0    Dex: 10    Spells: 9/9 levels left

rFire    + . .     SeeInvis .   a - +4 war axe
rCold    x . .     Gourm    .   (no shield)
rNeg     . . .     Faith    .   H - +0 plate armour
rPois    .         Spirit   .   (helmet restricted)
rElec    .         Reflect  .   (no cloak)
rCorr    .         Harm     +   (no gloves)
MR       +....                  y - +1 pair of boots
Stlth    ..........             t - amulet of harm
Regen    0.3/turn               J - ring of protection from magic
MPRegen  0.2/turn               I - ring of fire

@: berserk cooldown, slowed, very slow
A: retaliatory headbutt, fangs 1, horns 2, no potion heal 1
a: Berserk, Trog's Hand, Brothers in Arms, Burn Spellbooks, Renounce Religion


You were on level 9 of the Dungeon.
You worshipped Trog.
Trog was extremely pleased with you.
You were not hungry.

You visited 1 branch of the dungeon, and saw 9 of its levels.
You also visited: Ossuary.

You collected 488 gold pieces.

Inventory:

Hand Weapons
 a - a +4 war axe (weapon)
 b - the +10 fustibalus of Trog's Displeasure {flame, Str+5 SInv}
   (Trog gifted it to you on level 8 of the Dungeon)

   It causes projectiles fired from it to burn those they strike, causing extra
   injury to most foes and up to half again as much damage against particularly
   susceptible opponents.
   It affects your strength (+5).
   It lets you see invisible.
Missiles
 l - 65 arrows
 s - 55 bolts
 w - 46 sling bullets
Armour
 y - a +1 pair of boots (worn)
 H - a +0 plate armour (worn)
Jewellery
 t - an amulet of harm (around neck)
 I - a ring of fire (right hand)
 J - a ring of protection from magic (left hand)
Wands
 q - a wand of lightning (11/15)
 x - a wand of lightning (5/15)
 z - a wand of iceblast (6/15)
Scrolls
 d - 6 scrolls of identify
 e - 4 scrolls of amnesia {unknown}
 h - 4 scrolls of fog
 i - 5 scrolls of remove curse
 j - 4 scrolls of random uselessness {unknown}
 n - 5 scrolls of enchant weapon {unknown}
 o - 5 scrolls of teleportation {unknown}
 p - 4 scrolls of recharging {unknown}
 B - 2 scrolls of blinking {unknown}
 K - a scroll of brand weapon {unknown}
Potions
 f - 7 potions of curing
 r - 2 potions of agility
 v - 2 potions of flight
 A - a potion of resistance {unknown}
 C - 2 potions of brilliance {unknown}
 D - a potion of invisibility
 E - a potion of haste
 F - a potion of heal wounds {unknown}
 G - a potion of might
Comestibles
 c - 6 bread rations
 k - 9 fruits
 m - 4 royal jellies
 u - a meat ration


   Skills:
 - Level 3.6 Fighting
 + Level 18.5 Axes
 - Level 2.4 Armour
 - Level 2.1 Dodging


You had 9 spell levels left.
You didn't know any spells.

Dungeon Overview and Level Annotations

Branches:
Dungeon (9/15)             Temple (0/1) D:5            Lair (0/6) D:8
    Orc: D:9-12

Altars:
Cheibriados
Dithmenos
Elyvilon
Gozag
Kikubaaqudgha
Makhleb
Nemelex Xobeh
Qazlal
Xom

Shops:
D:5 }   D:7 (   D:8 }


Innate Abilities, Weirdness & Mutations

You reflexively headbutt those who attack you in melee.
You have a pair of horns on your head.
You have very sharp teeth.
Potions are less effective at restoring your health.


Message History

Eat one of 3 chunks of flesh? (ye/n/q)
You eat one of the 3 chunks of flesh.
This raw flesh tastes terrible.
You feel your anger subside.
You are no longer berserk.
You are exhausted.
You feel yourself slow down.
A two-headed ogre comes into view. It is wielding two giant clubs.
Okay, then.
As you read the scroll of fear, it crumbles to dust.
You assume a fearsome visage.
The two-headed ogre resists with some effort.
Evoke which item? (* to show all) (? for menu, Esc to quit)
Okay, then.
As you read the scroll of fog, it crumbles to dust.
The scroll dissolves into smoke.
You slash the two-headed ogre!
You headbutt the two-headed ogre, but do no damage.
You bite the two-headed ogre.
The two-headed ogre is heavily wounded.
The two-headed ogre hits you with a giant club!!
You die...

#############################
......§§§§§O@................
..##.§§#####..............##
#..§# #.######..####. # #...#
#.# #..# #.## #..O# #.# #..#
#.## #...# #.# #..# #.##
#...# #.# #..# #.## #...# #.#
#..# #.## #...# #.# #..# #...


You could see a two-headed ogre.

Vanquished Creatures
  Erica (D:9)
  The ghost of VajrapaniSR the Grappler, a novice TrMo (D:8)
  2 trolls (D:9)
  A hornet (D:7)
  Sigmund (D:2)
  5 yaks
  A wraith (Ossuary)
  A steam dragon (D:8)
  Menkaure (D:7)
  A porcupine (D:8)
  2 orc warriors (D:8)
  The ghost of VajrapaniSR the Ruffian, an amateur TrMo (D:3)
  4 sky beasts
  An ice beast (D:8)
  4 centaurs
  4 ogres
  2 crocodiles (D:8)
  A big kobold (D:7)
  A bullfrog (D:9)
  A scorpion (D:5)
  4 killer bees (D:7)
  A water moccasin skeleton (D:4)
  8 wights
  5 howler monkeys (D:8)
  A bullfrog zombie (D:8)
  8 crimson imps
  4 hounds
  4 orc wizards
  A centaur skeleton (D:7)
  9 orc priests
  2 bullfrog skeletons
  An iguana (D:4)
  10 worker ants
  A mummy (Ossuary)
  2 worker ant zombies (D:8)
  13 gnolls
  8 adders
  2 shadow imps
  A white imp (D:8)
  3 adder skeletons
  3 worms
  3 dart slugs (D:1)
  5 leopard geckos
  19 orcs
  7 giant cockroaches
  4 goblins
  8 hobgoblins
  10 jackals
  3 quokkas
  7 bats
  5 frilled lizards
  A giant cockroach zombie (D:5)
  9 gnoll skeletons (Ossuary)
  A goblin zombie (D:6)
  8 kobolds
  6 kobold skeletons (Ossuary)
  A leopard gecko skeleton (D:6)
  10 orc skeletons (Ossuary)
  A quokka skeleton (D:8)
  5 rats (D:1)
  A rat zombie (D:6)
  A fungus (D:8)
  A plant (D:8)
243 creatures vanquished.

Vanquished Creatures (others)
  A fungus (D:8)
1 creature vanquished.

Grand Total: 244 creatures vanquished

Notes
Turn   | Place    | Note
-------+----------+-------------------------------------------
     0 | D:1      | tognito the Minotaur Berserker began the quest for the Orb.
     0 | D:1      | Reached XP level 1. HP: 19/19 MP: 0/0
   122 | D:1      | Reached skill level 4 in Axes
   292 | D:1      | Reached XP level 2. HP: 26/26 MP: 1/1
   645 | D:1      | Reached skill level 5 in Axes
   717 | D:1      | Reached ** piety under Trog
   752 | D:1      | Reached XP level 3. HP: 31/31 MP: 2/2
  1031 | D:2      | Found a stormy altar of Qazlal.
  1101 | D:2      | Noticed Sigmund
  1112 | D:2      | Killed Sigmund
  1112 | D:2      | Reached skill level 7 in Axes
  1112 | D:2      | Reached XP level 4. HP: 12/39 MP: 0/3
  1112 | D:2      | Reached XP level 5. HP: 14/45 MP: 0/4
  1739 | D:3      | Found a snail-covered altar of Cheibriados.
  1763 | D:3      | Noticed VajrapaniSR's ghost (amateur TrMo)
  1776 | D:3      | Killed VajrapaniSR's ghost
  1776 | D:3      | Reached skill level 8 in Axes
  1776 | D:3      | Reached XP level 6. HP: 26/51 MP: 5/5
  2729 | D:4      | Found a white marble altar of Elyvilon.
  2738 | D:4      | Gained mutation: Potions are less effective at restoring your health. [potion of mutation]
  2738 | D:4      | Gained mutation: You have very sharp teeth. [potion of mutation]
  2772 | D:4      | Reached skill level 9 in Axes
  2799 | D:4      | Reached *** piety under Trog
  3075 | D:4      | Reached XP level 7. HP: 24/57 MP: 6/6
  3441 | D:5      | Entered Level 5 of the Dungeon
  3500 | D:5      | Reached skill level 10 in Axes
  3688 | D:5      | Found a staircase to the Ecumenical Temple.
  3820 | D:5      | Found a burning altar of Makhleb.
  3826 | D:5      | Found an opulent altar of Gozag.
  3826 | D:5      | Found an ancient bone altar of Kikubaaqudgha.
  3890 | D:5      | Reached skill level 11 in Axes
  4006 | D:5      | Reached XP level 8. HP: 38/64 MP: 7/7
  4310 | D:5      | Found a sparkling altar of Nemelex Xobeh.
  4310 | D:5      | Found a shimmering altar of Xom.
  4330 | D:5      | Found Kobbou's Gadget Shoppe.
  4502 | D:6      | Reached **** piety under Trog
  4681 | D:6      | Reached skill level 12 in Axes
  4974 | D:6      | Found a shadowy altar of Dithmenos.
  5095 | D:6      | Found a sand-covered staircase.
  5103 | Ossuary  | Entered an ossuary
  5251 | Ossuary  | Reached skill level 13 in Axes
  5703 | D:7      | Found Uduikkam's Weapon Boutique.
  5824 | D:7      | Noticed Menkaure
  5832 | D:7      | Killed Menkaure
  5832 | D:7      | Reached ***** piety under Trog
  5832 | D:7      | Reached XP level 9. HP: 26/70 MP: 8/8
  6057 | D:7      | Reached skill level 14 in Axes
  6887 | D:7      | Reached skill level 15 in Axes
  7181 | D:8      | Found Xoumuun's Gadget Boutique.
  7368 | D:8      | Received a gift from Trog
  7369 | D:8      | Got an ichor-stained fustibalus {god gift}
  7370 | D:8      | Identified the +10 fustibalus of Trog's Displeasure {flame, Str+5 SInv} (Trog gifted it to you on level 8 of the Dungeon)
  7620 | D:8      | Noticed VajrapaniSR's ghost (novice TrMo)
  7637 | D:8      | Killed VajrapaniSR's ghost
  7637 | D:8      | Reached skill level 16 in Axes
  7637 | D:8      | Reached XP level 10. HP: 22/77 MP: 9/9
  8320 | D:8      | Reached skill level 17 in Axes
  8438 | D:8      | Found a staircase to the Lair.
  8929 | D:9      | Noticed Erica
  8942 | D:9      | Killed Erica
  9121 | D:9      | Reached skill level 18 in Axes
  9590 | D:9      | HP: 2/115 [troll (6)]
  9598 | D:9      | Noticed a two-headed ogre
  9606 | D:9      | Demolished by a two-headed ogre

Skill      XL: |  1  2  3  4  5  6  7  8  9 10 |
---------------+-------------------------------+-----
Axes           | 4 5 7 8 9 11 13 16 18 | 18.5
Fighting       | |  3.6
Armour         | |  2.4
Dodging        | |  2.1

Action                   |  1- 3 |  4- 6 |  7- 9 | 10-12 || total
-------------------------+-------+-------+-------+-------++-------
Melee: Hand axe          |    41 |   114 |   105 |       ||   260
       Headbutt          |     8 |    19 |    48 |    17 ||    92
       Bite              |       |     1 |    26 |     5 ||    32
       War axe           |       |       |   135 |    84 ||   219
 Fire: Shortbow          |       |       |   116 |       ||   116
       Fustibalus        |       |       |    12 |    46 ||    58
Invok: Berserk           |     1 |     1 |     1 |     1 ||     4
       Trog's Hand       |       |     1 |       |       ||     1
       Burn Spellbooks   |       |     3 |       |       ||     3
  Use: Potion            |     4 |     4 |     2 |       ||    10
       Scroll            |       |       |     6 |     2 ||     8
 Stab: Sleeping          |     1 |       |       |       ||     1
  Eat: Chunk             |       |     9 |     9 |     8 ||    26
       Meat ration       |       |       |     1 |       ||     1
Armor: Animal skin       |     6 |    14 |       |       ||    20
       Chain mail        |       |     6 |    92 |       ||    98
       Plate armour      |       |       |    14 |    42 ||    56
Dodge: Dodged            |    19 |    78 |    91 |    21 ||   209
